 Dungeon Crawl Stone Soup version 0.17.1-2-g5865329 (webtiles) character file.

194 Clownie the Insei (level 5, -1/36 HPs)
             Began as an Octopode Monk on Jan 30, 2016.
             Succumbed to poison (a potion of poison)
             ... on level 4 of the Dungeon.
             The game lasted 00:02:46 (2812 turns).

Clownie the Insei (Octopode Monk)                   Turns: 2812, Time: 00:02:46

Health: -1/36      AC:  1    Str: 10    XL:     5   Next: 73%
Magic:  5/5        EV: 14    Int: 12    God:
Gold:   137        SH:  0    Dex: 16    Spells: 0 memorised, 4 levels left

rFire  . . .     SeeInvis .       - Unarmed
rCold  . . .     Clarity  +     (no shield)
rNeg   . . .     SustAt   .     (helmet restricted)
rPois  .         Gourm    .     o - amulet of clarity
rElec  .         Spirit   .     (no ring)
rCorr  .         Warding  .     (no ring)
rMut   .         Stasis   .     (no ring)
MR     .....                    (no ring)
Stlth  ++++......               (no ring)
                                (no ring)
                                (no ring)
                                (no ring)

@: lethally poisoned (-1 -> -18), not resistant to hostile enchantments,
stealthy
A: almost no armour, amphibious, 8 rings, constrict 8, camouflage 1, gelatinous
body 1
a: no special abilities


You were on level 4 of the Dungeon.
You were hungry.

You visited 1 branch of the dungeon, and saw 4 of its levels.

You collected 137 gold pieces.

Inventory:

Missiles
 j - 20 stones (quivered)
Jewellery
 o - an amulet of clarity (around mantle)
Scrolls
 b - 2 scrolls of blinking {unknown}
 d - a scroll of teleportation {unknown}
 e - a scroll of recharging
 g - a scroll of remove curse {unknown}
 m - a scroll of fog {unknown}
Potions
 h - a potion of might
 i - a potion of poison
 l - a potion of brilliance {unknown}
 n - a potion of cancellation {unknown}
 q - a potion of berserk rage {unknown}
Comestibles
 a - a bread ration
 f - a beef jerky


   Skills:
 - Level 3.0 Fighting
 + Level 4.1 Dodging
 + Level 4.8 Stealth
 * Level 5.4 Unarmed Combat


You had 4 spell levels left.
You didn't know any spells.

Dungeon Overview and Level Annotations

Branches:
Dungeon (4/15)
 Temple: D:4-7

Altars:
Kikubaaqudgha
Makhleb
Vehumet


Innate Abilities, Weirdness & Mutations

You cannot wear most types of armour.
You are amphibious.
You can wear up to eight rings at the same time.
You can use your tentacles to constrict eight enemies at once.
Your skin changes colour to match your surroundings (Stealth).
Your rubbery body absorbs attacks (AC +1).


Message History

The worker ant poisons you!
You barely miss the worker ant. You grab the worker ant.
You squeeze the worker ant.
The worker ant is severely wounded.
You constrict the worker ant, but do no damage.
You feel sick. The worker ant bites you.
* * * LOW HITPOINT WARNING * * *
Unknown command.
Drink which item? (? for menu, Esc to quit)
It was a potion of poison.
That liquid tasted very nasty...
You are more poisoned.
You constrict the worker ant, but do no damage.
* * * LOW HITPOINT WARNING * * *
You feel sick. The worker ant bites you.
* * * LOW HITPOINT WARNING * * *
Drink which item? (? for menu, Esc to quit)
It was a potion of ambrosia.
You feel momentarily confused.
You feel briefly invigorated.
You constrict the worker ant, but do no damage.
You die...

#.# ......# #.#
(_.#.# #.# ......#
#.# ..#(.(###.####
....(.......##
#...........#
########a.......##
.......@.....(.#####
...................##
#########.##........#
#.###....>.## #[#
######## #.. ###


You could see a worker ant.

Vanquished Creatures
  A hound (D:2)
  A worker ant (D:4)
  Robin (D:3)
  5 adders
  2 giant geckos
  2 orcs (D:3)
  8 bat zombies (D:3)
  3 giant cockroaches
  10 hobgoblins
  9 jackals
  6 kobolds
  A quokka (D:3)
  4 bats
  4 giant newts
  12 goblins
  4 rats
73 creatures vanquished.

Vanquished Creatures (others)
  An orc (D:3)
1 creature vanquished.

Grand Total: 74 creatures vanquished

Notes
Turn   | Place    | Note
--------------------------------------------------------------
     0 | D:1      | Clownie the Octopode Monk began the quest for the Orb.
     0 | D:1      | Reached XP level 1. HP: 16/16 MP: 1/1
   112 | D:1      | Reached XP level 2. HP: 19/21 MP: 2/2
   785 | D:2      | Reached XP level 3. HP: 26/26 MP: 3/3
  1140 | D:2      | Reached XP level 4. HP: 31/31 MP: 4/4
  1283 | D:2      | Reached skill level 5 in Unarmed Combat
  1403 | D:2      | Found a burning altar of Makhleb.
  1758 | D:3      | Reached XP level 5. HP: 32/36 MP: 5/5
  1793 | D:3      | Noticed Robin
  2204 | D:3      | Killed Robin
  2503 | D:3      | Found an ancient bone altar of Kikubaaqudgha.
  2783 | D:4      | Found a radiant altar of Vehumet.
  2803 | D:4      | HP: 1/36 [jackal (1)]
  2811 | D:4      | HP: 1/36 [worker ant (2)]
  2812 | D:4      | Succumbed to poison (a potion of poison)

Action                   |  1- 3 |  4- 6 || total
-------------------------+-------+-------++-------
Melee: Unarmed           |    53 |    91 ||   144
Throw: Stone             |       |     4 ||     4
  Use: Scroll            |       |     3 ||     3
       Potion            |       |     4 ||     4
 Stab: Sleeping          |    12 |     5 ||    17
       Distracted        |       |     1 ||     1
  Eat: Chunk             |     1 |     4 ||     5
